 Dungeon Crawl Stone Soup version 0.24-a0-422-g9eff3895ba (webtiles) character file.

Game seed: 17250595470824956555

115 FROGBOI the Vexing (level 4, -2/24 HPs)
             Began as a Vampire Enchanter on June 12, 2019.
             Killed by divine providence
             ... invoked by an orc priest
              (11 damage)
             ... on level 3 of the Dungeon.
             The game lasted 00:08:15 (931 turns).

FROGBOI the Vexing (Vampire Enchanter)               Turns: 931, Time: 00:08:16

Health: -2/24      AC:  3    Str:  7    XL:     4   Next: 68%
Magic:  6/7        EV: 13    Int: 17    God:
Gold:   203        SH:  0    Dex: 15    Spells: 4/7 levels left

rFire    . . .     SeeInvis +   a - +2 dagger
rCold    + + .     Gourm    .   (no shield)
rNeg     + + +     Faith    .   b - +0 robe
rPois    ∞         Spirit   .   f - +1 hat
rElec    .         Reflect  .   (no cloak)
rCorr    .         Harm     .   (no gloves)
MR       .....                  (no boots)
Stlth    +++++.....             (no amulet)
HPRegen  0.00/turn              (no ring)
MPRegen  0.10/turn              (no ring)

@: bloodless, regenerating quickly
A: no food, fangs 3, see invisible, unbreathing
a: Bat Form, Revivify


You were on level 3 of the Dungeon.
You were bloodless.

You visited 1 branch of the dungeon, and saw 4 of its levels.

You collected 203 gold pieces.

Inventory:

Hand Weapons
 a - a +2 dagger (weapon)
Armour
 b - a +0 robe (worn)
 f - a +1 hat (worn)
Scrolls
 k - a scroll of teleportation
Potions
 c - a potion of curing {unknown}
 d - a potion of degeneration {unknown}
 h - 3 potions of heal wounds
 l - 2 potions of resistance {unknown}
 m - a potion of agility {unknown}


   Skills:
 - Level 1.1 Short Blades
 + Level 3.2 Dodging
 + Level 5.6 Stealth
 - Level 2.0 Spellcasting
 * Level 6.3 Hexes
 * Level 0.7 Ice Magic


You had 4 spell levels left.
You knew the following spells:

 Your Spells              Type           Power        Failure   Level  Hunger
a - Corona                Hex            ###....      1%          1    N/A
b - Ensorcelled Hibernat  Hex/Ice        ##....       7%          2    N/A

Your spell library contained the following spells:

 Spells                   Type           Power        Failure   Level  Hunger
 Confuse                  Hex            ###.....     4%          3    N/A
 Tukima's Dance           Hex            ###.....     4%          3    N/A
 Dazzling Spray           Conj/Hex       ##....       16%         3    N/A

Dungeon Overview and Level Annotations

Branches:
Dungeon (4/15)
 Temple: D:4-7

Altars:
Ashenzari
Kikubaaqudgha
Makhleb
Qazlal
Ru
Vehumet


Innate Abilities, Weirdness & Mutations

You do not eat.
You do not regenerate when monsters are visible.
You are frail without blood (-20% HP).
You are immune to poison.
You have razor-sharp teeth.
You have supernaturally acute eyesight. (SInv)
You can survive without breathing.


Message History

There is a stone staircase leading up here.
The centaur skeleton barely misses you.
The centaur skeleton closely misses you.
You climb upwards.
There is a stone staircase leading down here.
Items here: ( )) ÷ 15 stones; a cursed -2 club; a +0 hunting sling; a goblin skeleton An adder comes into view.
Found 18 gold pieces.
Found an escape hatch in the ceiling.
An orc comes into view. It is wielding a -1 dagger.
l - 2 metallic cyan potions (gained 1)
An orc priest comes into view. It is wielding a +0 hand axe.
An orc comes into view.
The orc priest shouts!
The orc shouts!
The orc hits you with a cursed -1 dagger.
You hear an angry hiss.
The orc priest mumbles some strange prayers to Beogh against you.
Beogh smites you!
You die...

.....###...#
##_#####...######.#
.....###..........# #
#### . ..........## .#
##... .##..####...#
###...##....
.o.###..##....#.#.....
#.o #.....# #.#.....
#.##....### #.......
#.o@.<....## #.....
####..##...####.....
#..####.....>.... ##S#
####....... ..#
##.#..... #...
#.....#.. ..#.#
#.##.....
....####.#####..
##...........##.


You could see an orc priest, an adder and an orc.

Vanquished Creatures
  A hound (D:4)
  A worker ant (D:4)
  3 adders
  3 worms
  2 dart slugs
  A ball python (D:4)
  A giant cockroach (D:2)
  5 goblins
  A hobgoblin (D:1)
  A quokka (D:3)
  A bat (D:1)
  2 frilled lizards
  A kobold (D:3)
  2 rats (D:3)
25 creatures vanquished.

Notes
Turn   | Place    | Note
-------+----------+-------------------------------------------
     0 | D:1      | FROGBOI the Vampire Enchanter began the quest for the Orb.
     0 | D:1      | Reached XP level 1. HP: 13/13 MP: 3/3
   284 | D:1      | Reached XP level 2. HP: 13/13 MP: 5/5
   308 | D:2      | Reached skill level 5 in Hexes
   314 | D:1      | Learned a level 2 spell: Ensorcelled Hibernation
   338 | D:2      | Found a stormy altar of Qazlal.
   350 | D:2      | Found a shattered altar of Ashenzari.
   354 | D:2      | Found a burning altar of Makhleb.
   355 | D:2      | Found a radiant altar of Vehumet.
   409 | D:2      | Found a sacrificial altar of Ru.
   448 | D:3      | Reached skill level 5 in Stealth
   468 | D:3      | Reached XP level 3. HP: 16/16 MP: 1/6
   656 | D:4      | Reached skill level 6 in Hexes
   656 | D:4      | Reached XP level 4. HP: 21/21 MP: 5/7
   700 | D:3      | Found a shattered altar of Ashenzari.
   839 | D:4      | Found an ancient bone altar of Kikubaaqudgha.
   931 | D:3      | Killed from afar by an orc priest

Levels and vault maps discovered:
D:1:      dpeg_arrival_yet_another_circle, layout_loops_ring,
          minmay_misc_feat_doors
D:2:      layout_basic, nicolae_ru_awakened_eye, ashenzari_conservatory_becter,
          grunt_qazlal_sundering, grunt_temple_overflow_open
D:3:      layout_rooms, lemuel_doored_altar, first_ration,
          cheibrodos_ashenzari_chains
D:4:      layout_basic, kiku_gazebo_pond_becter, lemuel_coloured_pillars_altar,
          uniq_crazy_yiuf_cottage

Skill      XL: |  1  2  3 |
---------------+----------+-----
Hexes          | 5 6 |  6.3
Stealth        | 5 |  5.6
Dodging        | 3 |  3.2
Short Blades   | |  1.1
Spellcasting   | |  2.0
Ice Magic      | |  0.7

Action                   |  1- 3 |  4- 6 || total
-------------------------+-------+-------++-------
Melee: Dagger            |    40 |     6 ||    46
       Bite              |     4 |       ||     4
 Cast: Corona            |     5 |       ||     5
       Ensorcelled Hiber |    11 |     7 ||    18
 Abil: Exsanguinate      |     2 |       ||     2
       Revivify          |     1 |       ||     1
  Use: Scroll            |       |     6 ||     6
 Stab: Sleeping          |    15 |     3 ||    18
Armor: Robe              |       |     1 ||     1
Dodge: Dodged            |    16 |    11 ||    27

Table legend:
 A = Non-vault XP
 B = Vault XP
 C = Vault XP percentage of total XP
 D = Non-vault monster count
 E = Vault monster count
 F = Vault count percentage of total count
                 A         B        C        D         E       F
            +---------+---------+-------+---------+---------+-------
      Total |     165 |       0 |   0.0 |      25 |       0 |   0.0
            +---------+---------+-------+---------+---------+-------
        D:1 |      13 |       0 |   0.0 |       6 |       0 |   0.0
        D:2 |      29 |       0 |   0.0 |       5 |       0 |   0.0
        D:3 |      28 |       0 |   0.0 |       9 |       0 |   0.0
        D:4 |      95 |       0 |   0.0 |       5 |       0 |   0.0
            +---------+---------+-------+---------+---------+-------
